 Dungeon Crawl Stone Soup version 0.31.0-11-ge490571c62 (webtiles) character file.

Game seed: 7806007288366270943

21 Flugkiller the Trooper (level 2, 27/27 HPs)
             Began as a Minotaur Fighter on Jan 28, 2024.
             Was a High Priest of Ignis.
             Quit the game on level 2 of the Dungeon.
             The game lasted 00:00:30 (1039 turns).

Flugkiller the Trooper (Minotaur Fighter)           Turns: 1039, Time: 00:00:30

Health: 27/27      AC:  9    Str: 20    XL:     2   Next: 65%
Magic:  1/1        EV: 14    Int:  5    God:    Ignis [*****.]
Gold:   78         SH:  4    Dex:  9    Spells: 1/1 levels left

rFire   + . .        a - +0 war axe
rCold   . . .        c - +0 buckler
rNeg    . . .        b - +0 scale mail
rPois   .            (helmet restricted)
rElec   .            e - +0 cloak
rCorr   .            (no gloves)
SInv    .            k - +0 pair of boots
Will    .....        (no amulet) Stlth
                     v - +5 ring of evasion
HPRegen 0.24/turn    (no ring)
MPRegen 0.07/turn

%: no passive effects
@: no status effects
A: horns 2, retaliatory headbutt
a: Renounce Religion, Fiery Armour, Foxfire Swarm, Rising Flame


You were on level 2 of the Dungeon.
You worshipped Ignis.
Ignis was extremely pleased with you.
You visited 1 branch of the dungeon, and saw 2 of its levels.

You collected 78 gold pieces.

Inventory:

Hand Weapons
 a - a +0 war axe (weapon)
Armour
 b - a +0 scale mail (worn)
 c - a +0 buckler (worn)
 e - a +0 cloak (worn)
   (You found it on level 1 of the Dungeon)
 k - a +0 pair of boots (worn)
   (You found it on level 2 of the Dungeon)
Jewellery
 v - a +5 ring of evasion (left hand)
   (You found it on level 1 of the Dungeon)
Scrolls
 f - a scroll of enchant weapon {unknown}
 g - a scroll of teleportation {unknown}
 j - a scroll of identify {unknown}
 l - a scroll of enchant armour {unknown}
Potions
 d - a potion of might
 h - 2 potions of curing {unknown}
 i - 2 potions of heal wounds {unknown}


   Skills:
 * Level 4.0 Fighting
 * Level 3.0 Axes
 + Level 3.8 Armour
 + Level 3.9 Shields


You had one spell level left.
You didn't know any spells.
Your spell library was empty.

Dungeon Overview and Level Annotations

Branches:
Dungeon (2/15)

Altars:
Ignis

Shops:
D:1 *


Innate Abilities, Weirdness & Mutations

You have a pair of horns on your head.
You reflexively headbutt those who attack you in melee.


Message History

You kill the rat!
Your Axes skill increases to level 3!
No target in view!
No target in view!
No target in view!
No target in view!
You see here a +0 hand axe.
Found an escape hatch in the ceiling.
No target in view!
A quokka comes into view.
A quokka is nearby!
You barely miss the quokka. You headbutt the quokka.
The quokka is lightly wounded.
The quokka barely misses you.
You hit the quokka.
The quokka is almost dead.
The quokka misses you. You furiously retaliate!
You headbutt the quokka.
You kill the quokka!
No target in view!
No target in view!
No target in view!
No target in view!
You open the door.
There is an open door here.
You open the door.
There is an open door here.
i - 2 puce potions No target in view!
Found 3 boomerangs.
Found 2 stones and a mace.
No target in view!
No target in view!
No target in view!
No target in view!
No target in view!
No target in view!
A bat comes into view.
You see here 3 boomerangs.
Found a pair of boots.
The bat misses you.
A bat is nearby!
A bat is nearby!
You barely miss the bat. The bat hits you but does no damage.
The bat closely misses you.
You hit the bat.
You kill the bat!
No target in view!
No target in view!
No target in view!
No target in view!
You now have 47 gold pieces (gained 12).
j - a scroll labelled YTWICV WIUMEME
Found a mace.
No target in view!
No target in view!
No target in view!
No target in view!
No target in view!
You see here a +0 pair of boots.
k - a +0 pair of boots You start putting on your armour.
You continue putting on your +0 pair of boots. x4
You finish putting on your +0 pair of boots.
A frilled lizard comes into view.
The frilled lizard hisses angrily.
You see here 17 gold pieces.
A frilled lizard is nearby!
A frilled lizard is nearby!
A frilled lizard is nearby!
You miss the frilled lizard.
The frilled lizard bites you but does no damage.
You hit the frilled lizard.
You kill the frilled lizard!
No target in view!
No target in view!
You now have 64 gold pieces (gained 17).
You now have 78 gold pieces (gained 14).
You open the door.
There is an open door here.
l - a scroll labelled IHUSYSHOUF No target in view!
As you open the door, it creaks loudly!
No target in view!
You open the door.
There is an open door here.
You open the door.
Found a faded altar of an unknown god.
No target in view!
No target in view!
No target in view!
No target in view!
No target in view!
No target in view!
There is an open door here.
There is a faded altar of an unknown god here.
This altar belongs to (a) Okawaru, (b) Cheibriados or (c) Ignis, but you can't tell which.
Press the corresponding letter to learn more about a god, or press enter to convert or escape to cancel.
Okay, then.
This altar belongs to (a) Okawaru, (b) Cheibriados or (c) Ignis, but you can't tell which.
Press the corresponding letter to learn more about a god, or press enter to convert or escape to cancel.
Ignis accepts your prayer! Ignis welcomes you!
Are you sure you want to abandon this character and quit the game? (Confirm with "yes".)

#.#
################.#
.................#
#.......# #.#
#.+++''.# #.#
++'+.# #.#
+@++.######.######
++++..............
+++++##..###.######
...........#.#####.
.######..#.#....##.
#..#.#....##. #.##
#....##. #.#
#....##. ..#
#.......


There were no monsters in sight!

Vanquished Creatures
  3 bats
  2 endoplasms (D:1)
  4 goblins
  A kobold (D:1)
  A quokka (D:2)
  4 ball pythons
  A frilled lizard (D:2)
  4 rats
20 creatures vanquished.

Notes
Turn   | Place    | Note
-------+----------+-------------------------------------------
     0 | D:1      | Flugkiller the Minotaur Fighter began the quest for the
                  | Orb.
     0 | D:1      | Reached XP level 1. HP: 19/19 MP: 0/0
    18 | D:1      | Found Qupryng's Assorted Antiques.
   104 | D:1      | Reached XP level 2. HP: 27/27 MP: 1/1
   220 | D:1      | Reached skill level 4 in Fighting
  1035 | D:2      | Found a faded altar of an unknown god.
  1038 | D:2      | Prayed at the altar of an unknown god.
  1038 | D:2      | Became a worshipper of Ignis, the Dying Flame
  1039 | D:2      | Quit the game

Illustrated notes

Levels and vault maps discovered:
D:1:      dpeg_arrival_windows_large_door, layout_loops_ring, serial_shops, shop
D:2:      layout_basic, hellmonk_ecumenical_altar_heavens_door,
          kennysheep_nondescript

Skill      XL: |  1  2 |
---------------+-------+-----
Fighting       | 4 |  4.0
Axes           | 3 |  3.0
Armour         | |  3.8
Shields        | |  3.9

Action                     || total
---------------------------++-------
  Melee: War axe           ||    30
         Headbutt          ||     6
 Armour: Scale mail        ||     4
  Dodge: Dodged            ||    21
  Block: Buckler           ||     4
